 Dungeon Crawl Stone Soup version 0.31.0-9-g3a7656b989 (webtiles) character file.

Game seed: 12824572025364125571

106 qw the Skirmisher (level 4, -4/25 HPs)
             Began as a Deep Elf Hunter on Feb 2, 2024.
             Slain by a goblin
             ... wielding a +3 dagger
             ... led by Robin
              (7 damage)
             ... on level 2 of the Dungeon.
             The game lasted 00:00:06 (1338 turns).

qw the Skirmisher (Deep Elf Hunter)                 Turns: 1338, Time: 00:00:06

Health: -4/25      AC:  6    Str: 10      XL:     4   Next: 55%
Magic:  6/6        EV: 11    Int: 13 (14) God:
Gold:   149        SH:  0    Dex: 17 (18) Spells: 3/3 levels left

rFire   . . .        a - +1 shortbow
rCold   . . .        (shield currently unavailable)
rNeg    . . .        g - +1 ring mail
rPois   .            (no helmet)
rElec   .            (no cloak)
rCorr   .            (no gloves)
SInv    .            (no boots)
Will    .....        h - amulet of regeneration
Stlth   +            (no ring)
HPRegen 1.04/turn    (no ring)
MPRegen 0.10/turn

%: no passive effects
@: no status effects
A: no striking features
a: no special abilities


You were on level 2 of the Dungeon.
You visited 1 branch of the dungeon, and saw 3 of its levels.

You collected 149 gold pieces.


   Skills:
 - Level 1.5 Fighting
 + Level 8.0 Ranged Weapons
 - Level 2.4 Dodging
 - Level 1.2 Stealth


You had 3 spell levels left.
You didn't know any spells.
Your spell library was empty.

Inventory:

Hand Weapons
 a - a +1 shortbow (weapon)
Armour
 g - a +1 ring mail (worn)
Jewellery
 h - an amulet of regeneration (around neck)
Potions
 e - a potion of heal wounds {unknown}
 f - a potion of cancellation {unknown}
 i - a potion of might {unknown}

Dungeon Overview and Level Annotations

Branches:
Dungeon (3/15)

Altars:
Kikubaaqudgha

Annotations:
D:2 Robin


Message History

You shoot an arrow. The arrow hits the goblin!
You kill the goblin!
Your Ranged Weapons skill increases to level 8!
You start resting.
HP restored.
You climb downwards.
Level annotation: Robin The ball python hisses angrily.
The goblin barely misses you.
Robin roars a battlecry!
The goblins go into a battle-frenzy!
The goblin hits you with a +3 dagger.
The goblin shoots a sling bullet.
The sling bullet hits you. The ball python bites you.
The ball python grabs you. The ball python constricts you.
There is a stone staircase leading up here.
You shoot an arrow. The arrow hits the ball python.
You kill the ball python!
The goblin misses you. Robin throws the goblin at you!
The goblin unwields a +0 dagger.
The goblin wields a +0 sling.
The goblin shoots a sling bullet.
The sling bullet closely misses you.
The sling bullet closely misses the goblin.
The goblin closely misses you.
The goblin shoots a sling bullet.
The sling bullet barely misses you.
1335 ||| STAIRDANCE The goblin barely misses you.
The goblin hits you with a +0 dagger. Robin hits you with a +0 spear.
The goblin hits you with a +0 dagger. The goblin hits you but does no damage.
The goblin shoots a sling bullet.
The sling bullet closely misses you.
You climb upwards.
There is a stone staircase leading down here.
You shoot an arrow. The arrow hits Robin.
Robin is moderately wounded.
The goblin hits you with a +3 dagger! The goblin hits you with a +0 dagger.
The goblin hits you but does no damage. The goblin closely misses you.
Robin misses you.
You shoot an arrow.
The arrow hits Robin but does no damage.
Robin is lightly wounded.
The goblin hits you with a +3 dagger!
You die...

.........##.........##..........#
.###########.......###....%.....#
.# ##.....## #..........# .#
####.## #..........# .##########
#.# ###..####### ..........# #.#
##.## ..........######.######..##
..........<....#g#........#
..........####.#@g.######%#
..........# #.ggg...####.#
..........# ##.....##...%##
..........# ##...##....%.##
####.###### ##...#........# ##
#.##########....#..%.....#
.###..##........#..#.%......#
..###..#........#..#%.......#
#..###%#.<....>.#..##......## ##


You could see Robin and 4 goblins.

Vanquished Creatures
  3 adders (D:2)
  5 dart slugs
  A ribbon worm (D:2)
  2 bats
  9 endoplasms
  11 giant cockroaches (D:2)
  7 goblins
  4 hobgoblins
  3 jackals (D:1)
  3 kobolds
  4 ball pythons
  3 frilled lizards (D:1)
  4 rats
59 creatures vanquished.

Notes
Turn   | Place    | Note
-------+----------+-------------------------------------------
     0 | D:1      | qw the Deep Elf Hunter began the quest for the Orb.
     0 | D:1      | Reached XP level 1. HP: 12/12 MP: 3/3
     0 | D:1      | 0 ||| qw: Version: 0.3-a-155-g5e7d8dd
     0 | D:1      | 0 ||| qw: Game counter: 2213
     0 | D:1      | 0 ||| qw: Melee chars always use a shield: true
     0 | D:1      | 0 ||| qw: God list: Okawaru
     0 | D:1      | 0 ||| qw: Allow faded altars: false
     0 | D:1      | 0 ||| qw: Do Orc after clearing Dungeon:15 true
     0 | D:1      | 0 ||| qw: Do second Lair branch before Depths: true
     0 | D:1      | 0 ||| qw: Lair rune preference: random
     0 | D:1      | 0 ||| qw: Goals: Normal
     0 | D:1      | 0 ||| PLANNING D:1-11
    40 | D:1      | Reached skill level 6 in Ranged Weapons
    40 | D:1      | Reached XP level 2. HP: 16/16 MP: 4/4
   191 | D:1      | Reached XP level 3. HP: 20/20 MP: 5/5
   670 | D:1      | 670 ||| UPGRADING to amulet of regeneration.
   675 | D:1      | 675 ||| READING scroll labelled UFETIO YGGOPH.
   676 | D:1      | 676 ||| DRINKING 2 sapphire potions.
   677 | D:1      | 677 ||| DRINKING 2 murky red potions.
   716 | D:1      | 716 ||| DROPPING scroll of butterflies.
   717 | D:1      | 717 ||| DROPPING potion of degeneration.
   718 | D:1      | 718 ||| DROPPING potion of lignification.
   755 | D:2      | Reached skill level 7 in Ranged Weapons
   883 | D:2      | Reached XP level 4. HP: 25/25 MP: 6/6
  1095 | D:2      | Identified the +1 ring mail of the Unbroken {*Corrode
                  | Str+3}
  1244 | D:2      | 1244 ||| UPGRADING to +0 scale mail.
  1254 | D:2      | 1254 ||| DROPPING +0 leather armour.
  1255 | D:2      | 1255 ||| UPGRADING to +0 ring mail.
  1265 | D:2      | 1265 ||| DROPPING +0 scale mail.
  1266 | D:2      | 1266 ||| DROPPING +1 ring mail of the Unbroken {*Corrode
                  | Str+3}.
  1267 | D:2      | 1267 ||| READING scroll labelled FOHICI FONLE.
  1272 | D:2      | 1272 ||| READING scroll labelled CISAXU FAOBLIDGH.
  1273 | D:2      | 1273 ||| READING scroll labelled COTOETS PAASI.
  1273 | D:2      | 1273 ||| ENCHANTING +0 shortbow.
  1274 | D:2      | 1274 ||| READING scroll labelled LOASKO TUOCONO.
  1274 | D:2      | 1274 ||| ENCHANTING +0 ring mail.
  1309 | D:3      | Noticed Robin
  1309 | D:3      | Found an ancient bone altar of Kikubaaqudgha.
  1310 | D:3      | 1310 ||| STAIRDANCE
  1321 | D:2      | Reached skill level 8 in Ranged Weapons
  1335 | D:3      | 1335 ||| STAIRDANCE
  1337 | D:2      | HP: 4/25 [goblin/+3 dagger[Robin] (9)]
  1338 | D:2      | Slain by a goblin

Levels and vault maps discovered:
D:1:      psy_arrival_statuary, layout_basic, minmay_misc_feat_ornament
D:2:      minmay_roachtagon, layout_rooms
D:3:      layout_rooms, mainiacjoe_overflow_boulevard, lemuel_crystal_altar,
          nicolae_yredelemnul_corpse_copse,
          nicolae_gozag_cash_rules_everything_around_me, uniq_robin

Skill      XL: |  1  2  3  4 |
---------------+-------------+-----
Ranged Weapons | 6 7 8 |  8.0
Fighting       | |  1.5
Dodging        | |  2.4
Stealth        | |  1.2

Action                     |  1- 3 |  4- 6 || total
---------------------------+-------+-------++-------
   Fire: Shortbow          |    92 |    53 ||   145
    Use: Potion            |     2 |       ||     2
         Scroll            |     1 |     4 ||     5
 Armour: Leather armour    |    13 |    27 ||    40
         Ring mail         |       |    28 ||    28
  Dodge: Dodged            |    24 |    45 ||    69

Table legend:
 A = Non-vault XP
 B = Vault XP
 C = Vault XP percentage of total XP
 D = Non-vault monster count
 E = Vault monster count
 F = Vault count percentage of total count
                 A         B        C        D         E       F
            +---------+---------+-------+---------+---------+-------
      Total |     123 |      29 |  19.1 |      44 |      15 |  25.4
            +---------+---------+-------+---------+---------+-------
        D:1 |      61 |       0 |   0.0 |      30 |       0 |   0.0
        D:2 |      61 |      29 |  32.2 |      13 |      15 |  53.6
        D:3 |       1 |       0 |   0.0 |       1 |       0 |   0.0
            +---------+---------+-------+---------+---------+-------
